 Dungeon Crawl Stone Soup version 0.31-a0-329-g52107efa6a (webtiles) character file.

Game seed: 14659266220575454373

84 AdnanSaban the Shield-Bearer (level 4, -7/29 HPs)
             Began as a Gargoyle Fighter on July 19, 2023.
             Blown up by Ijyb (16 damage)
             ... with a mindburst bolt
             ... on level 3 of the Dungeon.
             The game lasted 00:01:32 (1730 turns).

AdnanSaban the Shield-Bearer (Gargoyle Fighter)     Turns: 1730, Time: 00:01:33

Health: -7/29      AC: 18    Str: 22    XL:     4   Next: 45%
Magic:  0/4        EV:  9    Int:  8    God:
Gold:   159        SH:  4    Dex:  9    Spells: 3/3 levels left

rFire   . . .        i - +2 mace (protect)
rCold   . . .        c - +0 buckler
rNeg    + . .        b - +0 scale mail
rPois   ∞            (no helmet)
rElec   +            (no cloak)
rCorr   .            (no gloves)
SInv    .            g - +0 pair of boots
Will    .....        a - amulet of guardian spirit Stlth
                     (no ring)
HPRegen 0.24/turn    (no ring)
MPRegen 0.09/turn

%: guardian spirit
@: under a protective aura
A: sickness immunity, AC +3, negative energy resistance 1, electricity
resistance, torment resistance 1, petrification resistance
a: no special abilities


You were on level 3 of the Dungeon.
You visited 1 branch of the dungeon, and saw 3 of its levels.

You collected 159 gold pieces.

Inventory:

Hand Weapons
 i - a +2 mace of protection (weapon)
Armour
 b - a +0 scale mail (worn)
 c - a +0 buckler (worn)
 g - a +0 pair of boots (worn)
Jewellery
 a - an amulet of guardian spirit (around neck)
 j - a ring of protection from cold
Scrolls
 f - a scroll of teleportation {unknown}
 h - 2 scrolls of identify {unknown}
 k - a scroll of immolation {unknown}
 l - a scroll of brand weapon {unknown}
 m - a scroll of poison {unknown}
Potions
 d - a potion of might
 e - a potion of curing {unknown}
 n - a potion of ambrosia {unknown}


   Skills:
 + Level 3.7 Fighting
 + Level 3.2 Maces & Flails
 + Level 3.9 Armour
 + Level 3.9 Shields


You had 3 spell levels left.
You didn't know any spells.
Your spell library was empty.

Dungeon Overview and Level Annotations

Branches:
Dungeon (3/15)

Altars:

Annotations:
D:3 Ijyb


Innate Abilities, Weirdness & Mutations

You are immune to sickness and miasma.
Your stone body is resilient. (AC +3)
You are immune to poison.
You resist negative energy. (rN+)
You are resistant to electric shocks. (rElec)
You are resistant to unholy torment.
You are immune to petrification.


Message History

You now have 159 gold pieces (gained 6).
Ijyb and a goblin come into view.
Ijyb is wielding a +0 dagger and carrying a wand of mindburst.
Found a spear.
Ijyb shouts!
Ijyb zaps a wand.
Your mind is blasted!
A worm comes into view.
You block the goblin's attack.
You sock the goblin!
Your weapon exudes an aura of protection.
You kill the goblin!
Ijyb zaps a wand.
Your mind is blasted!
You hit the worm.
Your weapon exudes an aura of protection.
The worm is moderately wounded.
The worm bites you but does no damage.
You hit the worm.
The worm is heavily wounded.
Ijyb hits you with a +0 dagger. You block the worm's attack.
You barely miss the worm.
The worm is moderately wounded.
Ijyb hits you with a +0 dagger. Ijyb barely misses you.
You hit the worm.
The worm is severely wounded.
The worm barely misses you. Ijyb hits you but does no damage.
You hit the worm.
You kill the worm!
Ijyb barely misses you.
You hit Ijyb but do no damage.
Ijyb zaps a wand.
Your mind is blasted!
* * * LOW HITPOINT WARNING * * *
You are too injured to fight recklessly!
You are too injured to fight recklessly!
You are too injured to fight recklessly!
You are too injured to fight recklessly!
You are too injured to fight recklessly!
You are too injured to fight recklessly!
Ijyb screams, "Die!"
Ijyb zaps a wand.
Your mind is blasted!
Ouch! That really hurt!
You die...

... #######.##
#..).....#
#........##
#.........
#........#
#.....g..#
#........#
#...)...@##.#
#####.....#.#
##.###.#.#
#....#.#.#
#..#.#.#.#
#..#...#.#
#..###<#.#
#........#####
#.####.#.....#


You could see Ijyb.

Vanquished Creatures
  3 adders (D:2)
  3 worms
  A dart slug (D:2)
  6 endoplasms
  4 goblins
  6 hobgoblins
  4 ball pythons
  6 bats
  5 frilled lizards
  5 kobolds
  4 rats
47 creatures vanquished.

Notes
Turn   | Place    | Note
-------+----------+-------------------------------------------
     0 | D:1      | AdnanSaban the Gargoyle Fighter began the quest for the
                  | Orb.
     0 | D:1      | Reached XP level 1. HP: 14/14 MP: 1/1
   230 | D:1      | Reached XP level 2. HP: 19/19 MP: 2/2
   862 | D:1      | Reached XP level 3. HP: 23/23 MP: 3/3
  1228 | D:2      | Reached XP level 4. HP: 29/29 MP: 4/4
  1719 | D:3      | Noticed Ijyb
  1730 | D:3      | Blown up by Ijyb

Illustrated notes

Levels and vault maps discovered:
D:1:      dpeg_arrival_chambers_temple_mockup, layout_loops_ring,
          serial_bayou_crossing
D:2:      layout_basic
D:3:      layout_basic, minmay_liquid_box, uniq_terence, uniq_ijyb, uniq_sigmund

Skill      XL: |  1  2  3  4 |
---------------+-------------+-----
Maces & Flails | 3 |  3.2
Fighting       | |  3.7
Armour         | |  3.9
Shields        | |  3.9

Action                     |  1- 3 |  4- 6 || total
---------------------------+-------+-------++-------
  Melee: Flail             |    57 |       ||    57
         Mace              |    76 |    31 ||   107
 Armour: Scale mail        |    76 |    21 ||    97
  Dodge: Dodged            |    64 |    10 ||    74
  Block: Buckler           |    32 |     4 ||    36

Table legend: (Time is in decaauts)
 A = Elapsed time spent in this place.
 B = Non-inter-level travel time spent in this place.
 C = Inter-level travel time spent in this place.
 D = Time resting spent in this place.
 E = Time spent auto-exploring this place.
 F = Levels seen in this place.
 G = Mean time per level.
                   A        B        C        D        E       F      G
               +--------+--------+--------+--------+--------+-----+--------+
         Total |   1782 |   1712 |     70 |      0 |   1335 |   3 |  594.0 |
       Dungeon |   1782 |   1712 |     70 |      0 |   1335 |   3 |  594.0 |
               +--------+--------+--------+--------+--------+-----+--------+

Top non-repeatable levels by time:
     D:1: 982 daAuts
     D:2: 769 daAuts
     D:3: 30 daAuts
